 Dungeon Crawl Stone Soup version 0.31-a0-1376-g36f0627844 (webtiles) character file.

Game seed: 6473788651286050060

12152 Amplified the Fanfare of Bloodshed (level 11, -12/86 HPs)
             Began as a Demonspawn Alchemist on Dec 24, 2023.
             Was a Believer of Makhleb.
             Mangled by Agnes
             ... wielding a +2 lajatang of pain
              (19 damage)
             ... on level 14 of the Dungeon.
             The game lasted 00:26:53 (11268 turns).

Amplified the Fanfare of Bloodshed (DsAl)          Turns: 11268, Time: 00:26:56

Health: -12/86     AC: 21    Str: 14 (16) XL:     11   Next: 58%
Magic:  20/21      EV: 11    Int: 17 (19) God:    Makhleb [**....]
Gold:   439        SH:  0    Dex: 17 (18) Spells: 18/24 levels left

rFire   . . .        f - +6 whip "Taonoc" {freeze, rCorr Dex+5}
rCold   + + +        (no shield)
rNeg    . . .        h - +5 ring mail of Punn {*Corrode rC+++ Str+3 Int+3}
rPois   +            (helmet restricted)
rElec   .            n - +0 cloak
rCorr   +            o - +1 pair of gloves
SInv    .            B - +0 pair of boots
Will    .....        x - amulet of regeneration
Stlth   +            D - ring of poison resistance
HPRegen 1.14/turn    a - +4 ring of protection
MPRegen 0.34/turn

%: corrode self (3%)
@: no status effects
A: horns 2, spiny 1, magic regeneration, hooves 1, MP-powered wands
a: Renounce Religion, Minor Destruction


You were on level 14 of the Dungeon.
You worshipped Makhleb.
Makhleb was pleased with you.
You visited 2 branches of the dungeon, and saw 16 of its levels.
You also visited: Sewer.

You collected 694 gold pieces.
You spent 255 gold pieces at shops.

Inventory:

Hand Weapons
 b - a +3 mace of protection
 f - the +6 whip "Taonoc" (weapon) {freeze, rCorr Dex+5}
   (You found it on level 2 of the Dungeon)

   Dex+5:     It affects your dexterity (+5).
   rCorr:     It protects you from acid and corrosion.
 C - a +3 long sword
Missiles
 y - 34 poisoned darts
Armour
 h - the +5 ring mail of Punn (worn) {*Corrode rC+++ Str+3 Int+3}
   (You bought it in a shop on level 4 of the Dungeon)

   Str+3:     It affects your strength (+3).
   Int+3:     It affects your intelligence (+3).
   rC+++:     It renders you almost immune to cold.
   *Corrode:  It may corrode you when you take damage.
 j - a +0 ring mail
 n - a +0 cloak (worn)
 o - a +1 pair of gloves (worn)
 s - a +0 troll leather armour
 B - a +0 pair of boots (worn)
Jewellery
 a - a +4 ring of protection (right hand)
 c - a ring of flight
 v - a ring of protection from cold
 x - an amulet of regeneration (around neck)
 z - an amulet of magic regeneration
 D - a ring of poison resistance (left hand)
 E - a ring of protection from fire
Wands
 i - a wand of flame (12)
Scrolls
 e - a scroll of amnesia
 l - a scroll of torment
 m - a scroll of enchant weapon
 p - a scroll of vulnerability
 r - 3 scrolls of immolation
 t - a scroll of teleportation
Potions
 d - 3 potions of attraction
 g - 4 potions of brilliance
 q - 3 potions of mutation
Miscellaneous
 k - a phial of floods (inert)


   Skills:
 + Level 8.0 Fighting
 * Level 5.8 Long Blades
 - Level 5.2 Maces & Flails
 * Level 8.7 Armour
 - Level 1.7 Dodging
 - Level 1.7 Stealth
 - Level 7.0 Spellcasting
 - Level 1.0 Conjurations
 - Level 3.0 Alchemy
 * Level 10.2 Invocations


You had 18 spell levels left.
You knew the following spells:

 Your Spells              Type           Power      Damage    Failure   Level
a - Sting                 Conj/Alch      48%        1d6       9%          1
b - Mercury Vapours       Alch/Air       22%        N/A       17%         2
c - Mephitic Cloud        Conj/Alch/Air  10%        N/A       34%         3

Your spell library contained the following spells:

 Spells                   Type           Power      Damage    Failure   Level
 Ozocubu's Armour         Ice            5%         N/A       52%         3
 Olgreb's Toxic Radiance  Alch           16%        N/A       52%         4
 Sticky Flame             Fire/Alch      11%        2d5       73%         4
 Metabolic Englaciation   Hex/Ice        2%         N/A       99%         5
 Simulacrum               Ice/Necr       2%         N/A       100%        6


Dungeon Overview and Level Annotations

Branches:
Dungeon (15/15)            Temple (0/1) D:6            Lair (0/5) D:9
    Orc (1/2) D:9           Sewer (visited)
 Vaults: D:13-14     Depths: D:15

Altars:
Cheibriados
Hepliaklqana
Makhleb
Sif Muna
Uskayaw
Xom

Shops:
D:4 ?(:[(   D:7 ?   D:9 *=

Annotations:
D:4 3 runed translucent doors, YordlordTheGreat's ghost, amateur MfSu
D:7 1 transporter, IcantSneed's ghost, novice DsFi
D:12 Snorg
D:13 Frances
D:14 Agnes


Innate Abilities, Weirdness & Mutations

You have a pair of horns on your head.
You are partially covered in sharp spines.
You regenerate magic rapidly.
You have large cloven feet.
You expend magic power (3 MP) to strengthen your wands.


Message History

Casting: Mephitic Cloud (dangerous; 28% risk of failure)
Confirm with . or Enter, or press ? or * to list all spells.
Aiming: Mercury Vapours (safe; 14% risk of failure)
Press: ? - help, Dir - move target, f - Agnes
Aim: Agnes, wielding a +2 lajatang of pain and wearing a +0 robe (ally target, chance to weaken: 0%) Fumes of mercury billow around Agnes!
Agnes is poisoned.
Agnes hits you with a +2 lajatang of pain!
You writhe in agony.
Agnes hits you with a +2 lajatang of pain!!
* * * LOW HITPOINT WARNING * * *
Your ynoxinul completely misses Agnes.
Unknown command.
Unknown command.
Okay, then.
Unknown command.
Unknown command.
Okay, then.
Unknown command.
Unknown command.
Your ynoxinul gestures.
Unknown command.
Unknown command.
Unknown command.
Your ufetubus closely misses Agnes.
Your ufetubus misses Agnes.
Agnes says, "I despise a dishonourable opponent."
Agnes hits you but does no damage.
You writhe in agony.
* * * LOW HITPOINT WARNING * * *
Your ynoxinul closely misses Agnes.
Unknown command.
Unknown command.
Unknown command.
Okay, then.
It was a potion of degeneration.
There was something very wrong with that liquid.
You feel weakened.
You feel dopey.
You feel clumsy. Agnes completely misses you.
Your ufetubus slips past Agnes!
Your ufetubus completely misses Agnes. x2; Your ufetubus closely misses Agnes. x2
Agnes hits you with a +2 lajatang of pain!!
You die...
Agnes says, "May you follow the Path of Peace in your next life."

******** * *********,,,,,,, *
*,,,,,,,*,,,,,,, *
*,,,,,,,+,,,,,,, *
*,,,,,,,*,,,,,,, *
*,,,,,,,*,,,,,,, ****
###########********,,,,,,, ,,,*
#.$...#55.#,,,,,,,,,,,,,,, ,,,*
#.....'5i@#,,,,,,,******** ,,,*
#.....#3..#,,,,,,,*,,,,,,, ,,,*
#.....#...#,,,,,,,*,*,,,*, ,,,*
#.....#...#,,,,,,,*,,,,,,, ,,,*
#.....#...#,,,,,,,+,,,,,,,
,,,****#.....#...#,,,,,,,*,,,,,,,
*,,,,,.......#...#,,,,,,,*,*,,,*,
*,,,,,.......#...#,,,,,,,*,,,,,,,
*,,,,,,,,,,,,#...#,,,,,,,********


You could see Agnes (very poisoned, ally target), a friendly ynoxinul (summoned)
and 3 friendly ufetubi.

Vanquished Creatures
  An ironbound preserver (D:14)
  3 centaur warriors
  3 two-headed ogres
  An unseen horror (D:9)
  A kobold demonologist (D:9)
  2 trolls
  2 hornets
  Grinder (D:5)
  2 wraiths
  4 yaks (D:9)
  A steam dragon (D:6)
  5 vampire mosquitoes
  A warg (D:9)
  A water moccasin (D:9)
  An ice beast (D:8)
  An oni (shapeshifter) (D:14)
  3 ogres
  2 wolves (D:9)
  A crocodile (Sewer)
  7 centaurs
  4 kobold brigands
  4 bullfrogs
  4 scorpions
  17 wights
  3 killer bees (D:9)
  A howler monkey (D:5)
  2 jellies (D:6)
  3 bombardier beetles
  4 hounds
  8 orc priests
  2 sleepcaps
  5 iguanas
  A gnoll bouda (D:6)
  10 orc wizards
  17 gnolls
  12 adders
  3 shadow imps
  A worm (D:3)
  6 dart slugs
  25 orcs
  9 bats
  7 endoplasms
  3 giant cockroaches
  6 goblins
  7 hobgoblins
  7 jackals
  33 kobolds
  7 quokkas
  12 ball pythons
  2 frilled lizards
  11 rats
279 creatures vanquished.

Notes
Turn   | Place    | Note
-------+----------+-------------------------------------------
     0 | D:1      | Amplified the Demonspawn Alchemist began the quest for the
                  | Orb.
     0 | D:1      | Reached XP level 1. HP: 13/13 MP: 3/3
   123 | D:1      | Reached skill level 1 in Fighting
   170 | D:1      | Gained mutation: You have a pair of small horns on your
                  | head. [demonic ancestry]
   170 | D:1      | Reached XP level 2. HP: 21/21 MP: 5/5
   437 | D:1      | Reached skill level 1 in Maces & Flails
   917 | D:1      | Reached XP level 3. HP: 26/26 MP: 6/6
   919 | D:1      | Found a faded altar of an unknown god.
  1570 | D:2      | Gained mutation: You have a pair of horns on your head.
                  | [demonic ancestry]
  1570 | D:2      | Reached XP level 4. HP: 30/33 MP: 7/7
  1621 | D:2      | Identified the +6 whip "Taonoc" {freeze, rCorr Dex+5}
  2033 | D:3      | Learned a level 2 spell: Mercury Vapours
  2444 | D:3      | Found a shimmering altar of Xom.
  2445 | D:3      | Found a shimmering altar of Xom.
  2445 | D:3      | Found a shimmering altar of Xom.
  2445 | D:3      | Found a shimmering altar of Xom.
  2445 | D:3      | Found a shimmering altar of Xom.
  2445 | D:3      | Found a shimmering altar of Xom.
  2445 | D:3      | Found a shimmering altar of Xom.
  2901 | D:4      | Found Suac's Antique Weapon Shoppe.
  2902 | D:4      | Noticed a scorpion
  2950 | D:4      | Noticed a scorpion
  3024 | D:4      | Found Sapopyve's Weapon Boutique.
  3024 | D:4      | Noticed a +0 executioner's axe
  3024 | D:4      | Noticed a +0 rapier
  3033 | D:4      | Found a runed translucent gate.
  3033 | D:4      | Found a runed translucent gate.
  3033 | D:4      | Found a runed translucent gate.
  3039 | D:4      | Identified the +1 ring mail of the Blessed Realm {rElec}
  3131 | D:4      | Gained mutation: Your magical capacity is low. (-10% MP)
                  | [potion of mutation]
  3137 | D:4      | Reached XP level 5. HP: 25/39 MP: 7/7
  3185 | D:4      | Identified the +7 spear of Corpus Delicti {vamp, +Blink
                  | rPois Will-}
  3219 | D:4      | Found a glowing drain.
  3232 | Sewer    | Entered a sewer
  3285 | Sewer    | Noticed a crocodile
  3292 | Sewer    | Killed a crocodile
  3293 | Sewer    | Reached XP level 6. HP: 47/47 MP: 8/8
  3317 | Sewer    | Lost mutation: Your magical capacity is low. (-10% MP)
                  | [potion of mutation]
  3317 | Sewer    | Gained mutation: You expend magic power (3 MP) to
                  | strengthen your wands. [potion of mutation]
  3317 | Sewer    | Gained mutation: You have large cloven feet. [potion of
                  | mutation]
  3428 | D:4      | Found Niuv Vyt's Magic Scroll Boutique.
  3437 | D:4      | Bought a scroll of teleportation for 39 gold pieces
  3472 | D:4      | Found Genacauf's Antique Armour Shop.
  3477 | D:4      | Found Umeg's Book Boutique.
  3515 | D:4      | Noticed YordlordTheGreat's ghost (amateur MfSu)
  3608 | D:4      | Reached skill level 5 in Maces & Flails
  3643 | D:4      | Reached XP level 7. HP: 46/54 MP: 10/10
  3677 | D:4      | Learned a level 3 spell: Mephitic Cloud
  3997 | D:5      | Entered Level 5 of the Dungeon
  4015 | D:4      | Reached skill level 1 in Armour
  4590 | D:5      | Noticed Grinder
  4612 | D:5      | Killed Grinder
  4613 | D:5      | Reached XP level 8. HP: 52/61 MP: 11/13
  4679 | D:5      | Found a hazy altar of Hepliaklqana.
  4680 | D:5      | Found a snail-covered altar of Cheibriados.
  4680 | D:5      | Found a shimmering blue altar of Sif Muna.
  5084 | D:4      | Bought a dazzling ring mail for 216 gold pieces
  5084 | D:4      | Identified the +5 ring mail of Punn {*Corrode rC+++ Str+3
                  | Int+3} (You bought it in a shop on level 4 of the Dungeon)
  5401 | D:6      | Reached skill level 5 in Fighting
  5714 | D:6      | Reached skill level 5 in Spellcasting
  5879 | D:6      | Found a burning altar of Makhleb.
  5887 | D:6      | Became a worshipper of Makhleb the Destroyer
  5891 | D:6      | Reached skill level 1 in Invocations
  6156 | D:6      | Reached skill level 5 in Armour
  6156 | D:6      | Reached skill level 2 in Invocations
  6360 | D:6      | Found a staircase to the Ecumenical Temple.
  6392 | D:6      | Gained mutation: You are partially covered in sharp spines.
                  | [demonic ancestry]
  6392 | D:6      | Reached XP level 9. HP: 69/69 MP: 17/17
  6684 | D:7      | Reached skill level 3 in Invocations
  6793 | D:7      | Found a transporter.
  6794 | D:7      | Noticed IcantSneed's ghost (novice DsFi)
  6794 | D:7      | Identified the +1 great mace of the Reaper {heavy, rElec
                  | rN+ Int+2 SInv}
  6794 | D:7      | Noticed a two-headed ogre
  6928 | D:7      | Found Vyrghan's Magic Scroll Shop.
  7040 | D:7      | Reached skill level 4 in Invocations
  7060 | D:7      | Reached * piety under Makhleb
  7495 | D:8      | Reached skill level 5 in Invocations
  7834 | D:8      | Reached ** piety under Makhleb
  8163 | D:9      | Noticed a two-headed ogre
  8186 | D:9      | Killed a two-headed ogre
  8187 | D:9      | Reached skill level 1 in Long Blades
  8187 | D:9      | Reached skill level 6 in Invocations
  8187 | D:9      | Reached XP level 10. HP: 77/77 MP: 0/20
  8423 | D:9      | Found Oghogh's Jewellery Emporium.
  8441 | D:9      | Found Ysuav's Serpentskin Sales.
  8476 | D:9      | Found a staircase to the Lair.
  8644 | D:9      | Reached skill level 7 in Invocations
  8775 | D:9      | Found a staircase to the Orcish Mines.
  8976 | Orc:1    | Entered Level 1 of the Orcish Mines
  8992 | Orc:1    | Noticed a kobold blastminer
  9047 | D:9      | Reached skill level 8 in Invocations
  9063 | D:10     | Entered Level 10 of the Dungeon
  9104 | D:10     | Found a hide-covered altar of Uskayaw.
  9269 | D:10     | Noticed a two-headed ogre
  9702 | D:10     | Reached *** piety under Makhleb
  9826 | D:10     | Killed a two-headed ogre
  9827 | D:10     | Gained mutation: You regenerate magic rapidly. [demonic
                  | ancestry]
  9827 | D:10     | Reached XP level 11. HP: 84/84 MP: 16/21
 10013 | D:11     | Found a snail-covered altar of Cheibriados.
 10107 | D:11     | Noticed a two-headed ogre
 10125 | D:11     | Killed a two-headed ogre
 10126 | D:11     | Reached skill level 9 in Invocations
 10193 | D:11     | You fall into a shaft and drop 2 floors!
 10194 | D:13     | Noticed a tengu warrior
 10224 | D:13     | Noticed Snorg
 10225 | D:13     | Noticed a centaur warrior
 10225 | D:13     | Noticed a centaur warrior
 10450 | D:13     | Killed a centaur warrior
 10451 | D:13     | Reached skill level 5 in Long Blades
 10514 | D:13     | Killed a centaur warrior
 10605 | D:13     | Noticed Frances
 10744 | D:14     | Noticed a centaur warrior
 10766 | D:14     | Killed a centaur warrior
 10770 | D:14     | Reached skill level 10 in Invocations
 10914 | D:14     | Noticed a skeletal warrior
 10982 | D:14     | Noticed an ironbound preserver
 11024 | D:14     | Killed an ironbound preserver
 11128 | D:14     | Noticed a white ugly thing
 11179 | D:15     | Entered Level 15 of the Dungeon
 11262 | D:14     | Noticed Agnes
 11268 | D:14     | Mangled by Agnes

Illustrated notes

Levels and vault maps discovered:
D:1:      dpeg_arrival_refuge, layout_basic,
          hellmonk_ecumenical_altar_prayer_group, st_stairs_10, minivault_27
D:2:      layout_basic, minmay_pentomino_pile
D:3:      layout_loops_corners, xom_redecorated, lexackson_kobold_supper
D:4:      layout_basic, gup_sewer_entry_bubbles, serial_shops, shop,
          nicolae_shop_overgrown_old_shop, shop, nicolae_shop_dealshenge,
          nicolae_shop_mannequins, biasface_ghost_orc_armoury
D:5:      layout_basic, chequers_temple_overflow_statue_of_worship, uniq_grinder
D:6:      cheibrodos_helix_gallery, layout_basic, kennysheep_mini_moat,
          minmay_temple_entry_poolview
D:7:      layout_basic, serial_shops, shop, gammafunk_ghost_smash
D:8:      layout_loops_ring, minmay_strange_pillars, unseen_surprise_small
D:9:      layout_small_grid, lair_entry_dummy, minmay_orc_entry_guard_dogs,
          serial_shops, nicolae_shop_gaudy_bauble, guppyfry_shop_venom
D:10:     layout_stronghold, gammafunk_temple_overflow_wave
D:11:     layout_basic, special_room [special_room_orc], cheibriados_altar_1
D:12:     layout_stronghold, gammafunk_ghost_spectres, uniq_fannar, uniq_azrael
D:13:     layout_basic, roderic_batcave, uniq_snorg, uniq_frances
D:14:     layout_gridville, hellmonk_vaults_order_and_chaos,
          hangedman_glass_teeth, chequers_guarded_unrand_ignorance,
          uniq_roxanne, uniq_agnes
D:15:     grunt_enter_depths_magical_seal, layout_basic,
          nicolae_wooded_promenade, uniq_josephine
Orc:1:    layout_caves, serial_shops, nicolae_shop_advertising_works
          [nicolae_subvault_shop_adworks], basic_altar,
          nicolae_orc_sculptors_studio

Skill      XL: |  1  2  3  4  5  6  7  8  9 10 11 |
---------------+----------------------------------+-----
Fighting       | 1 2 3 4 5 6 7 8 |  8.0
Maces & Flails | 1 2 3 4 5 |  5.2
Armour         | 3 5 6 7 8 |  8.7
Spellcasting   | 3 5 6 7 |  7.0
Invocations    | 2 6 8 10 | 10.2
Long Blades    | 1 4 5 |  5.8
Dodging        | |  1.7
Stealth        | |  1.7
Conjurations   | |  1.0
Alchemy        | |  3.0

Action                     |  1- 3 |  4- 6 |  7- 9 | 10-12 || total
---------------------------+-------+-------+-------+-------++-------
  Melee: Mace              |    68 |     5 |       |       ||    73
         Unarmed           |     3 |       |       |       ||     3
         Headbutt          |    10 |    17 |    63 |    62 ||   152
         Punch             |     1 |     1 |     4 |     1 ||     7
         Whip              |       |   120 |   311 |   234 ||   665
         Kick              |       |    12 |    77 |       ||    89
   Cast: Sting             |     8 |       |       |       ||     8
         Mephitic Cloud    |       |       |       |     4 ||     4
         Mercury Vapours   |       |       |       |     2 ||     2
 Invoke: Minor Destruction |       |       |     1 |    10 ||    11
         Lesser Servant of |       |       |       |     4 ||     4
  Evoke: Wand              |       |       |    10 |     8 ||    18
         Phial of floods   |       |       |       |     2 ||     2
    Use: Potion            |     1 |     7 |     4 |     4 ||    16
         Scroll            |     2 |     7 |     7 |    11 ||    27
   Stab: Sleeping          |     3 |     9 |       |     1 ||    13
         Paralysed         |       |       |       |    10 ||    10
         Distracted        |       |       |       |     1 ||     1
         Confused          |       |       |       |     1 ||     1
 Armour: Robe              |    67 |    11 |       |       ||    78
         Ring mail         |       |    55 |   156 |   299 ||   510
  Dodge: Dodged            |    72 |    55 |   101 |   155 ||   383

Table legend: (Time is in decaauts)
 A = Elapsed time spent in this place.
 B = Non-inter-level travel time spent in this place.
 C = Inter-level travel time spent in this place.
 D = Time resting spent in this place.
 E = Time spent auto-exploring this place.
 F = Levels seen in this place.
 G = Mean time per level.
                   A        B        C        D        E       F      G
               +--------+--------+--------+--------+--------+-----+--------+
         Total |  11270 |  10748 |    522 |    627 |   6911 |  17 |  662.9 |
       Dungeon |  11131 |  10609 |    522 |    627 |   6875 |  15 |  742.1 |
  Orcish Mines |     20 |     20 |      0 |      0 |      0 |   1 |   20.0 |
         Sewer |    118 |    118 |      0 |      0 |     36 |   1 |  118.0 |
               +--------+--------+--------+--------+--------+-----+--------+

Top non-repeatable levels by time:
     D:6: 1430 daAuts
     D:1: 1248 daAuts
     D:4: 1050 daAuts
     D:9: 1016 daAuts
     D:5: 968 daAuts
     D:3: 953 daAuts
    D:10: 940 daAuts
     D:2: 851 daAuts
     D:8: 774 daAuts
    D:14: 658 daAuts
     D:7: 644 daAuts
    D:13: 389 daAuts
    D:11: 178 daAuts
   Sewer: 118 daAuts
    D:12: 26 daAuts
